 Dungeon Sprint DCSS version 0.21-a0-41-g5e91fef (webtiles) character file.

67627 Kidiri the Sorcerer (level 14, -11/91 HPs)
             Began as a Deep Elf Fire Elementalist on June 4, 2017.
             Was the Champion of Vehumet.
             Mangled by Mennas
             ... wielding a +4 sacred scourge of holy wrath
              (27 damage)
             ... in the Dungeon (Sprint III: "The Ten Rune Challenge").
             The game lasted 00:58:40 (9546 turns).

Kidiri the Sorcerer (Deep Elf Fire Elementalist)    Turns: 9546, Time: 00:58:41

Health: -11/91     AC: 12    Str:  7    XL:     14   Next: 35%
Magic:  13/43      EV: 20    Int: 26    God:    Vehumet [******]
Gold:   3138       SH:  9    Dex: 22    Spells: 3/59 levels left

rFire    + + .     SeeInvis +   j - +8 dagger "Umoekh" {pierce, rC++}
rCold    + + .     Gourm    .   e - +0 shield {reflect}
rNeg     . . .     Faith    .   D - +1 robe of Xangoy {rF+ Str+4}
rPois    +         Spirit   .   A - +0 helmet of Faczasun {rPois MR+ Regen+}
rElec    .         Reflect  +   a - +0 cloak
rCorr    .         Harm     .   y - +1 pair of gloves {Dex+3}
MR       ++...     NoTele   +   L - +2 pair of boots of the Other World {Dex+4}
Stlth    +.........             O - amulet of magic regeneration
Regen    0.7/turn               N - ring of poison resistance
MPRegen  0.5/turn               (no ring)

@: glowing
A: claws 1, see invisible, fire resistance 1, weak 1
}: 1/10 runes: serpentine
a: Renounce Religion


You were in the Dungeon.
You worshipped Vehumet.
Vehumet was exalted by your worship.
You were not hungry.

You visited 1 branch You collected 4035 gold pieces.
You spent 897 gold pieces at shops.

Inventory:

Hand Weapons
 j - the +8 dagger "Umoekh" (weapon) {pierce, rC++}
   (You took it off a deep elf demonologist in the Dungeon)

   It inflicts extra damage upon your enemies.
   It greatly protects you from cold.
Armour
 a - a +0 cloak (worn)
 e - a +0 shield of reflection (worn)
 f - a +1 hat of see invisible
 y - a +1 pair of gloves of dexterity (worn)
 A - the +0 helmet of Faczasun (worn) {rPois MR+ Regen+}
   (You bought it in a shop in the Dungeon)

   It protects you from poison.
   It affects your resistance to hostile enchantments.
   It increases your rate of regeneration.
 D - the +1 robe of Xangoy (worn) {rF+ Str+4}
   (You took it off a deep elf annihilator in the Dungeon)

   It affects your strength (+4).
   It protects you from fire.
 L - the +2 pair of boots of the Other World (worn) {Dex+4}
   (You found it in the Dungeon)

   It affects your dexterity (+4).
Jewellery
 N - a ring of poison resistance (left hand)
 O - an amulet of magic regeneration (around neck)
Wands
 w - a wand of iceblast (8/15)
 I - a wand of lightning (7/15)
Scrolls
 i - 4 scrolls of silence
 l - a scroll of immolation
 q - a scroll of torment {unknown}
 z - a scroll of amnesia
 B - a scroll of fog
Potions
 d - 2 potions of flight
 g - a potion of magic
 h - a potion of berserk rage
 k - 5 potions of mutation
 p - a potion of invisibility
 r - a potion of brilliance
 s - a potion of might
 t - a potion of lignification
Books
 K - a book of Annihilations

   Spells                             Type                      Level
   a - Poison Arrow                   Conjuration/Poison           6
   b - Chain Lightning                Conjuration/Air              8
   c - Lehudib's Crystal Spear        Conjuration/Earth            8
   d - Glaciate                       Conjuration/Ice              9
   e - Fire Storm                     Conjuration/Fire             9
Comestibles
 b - 11 royal jellies
 c - a bread ration
 m - 3 chunks of flesh
 o - 2 meat rations
 v - a fruit


   Skills:
 + Level 11.7 Fighting
 - Level 9.7 Short Blades
 - Level 9.3 Armour
 - Level 10.5 Dodging
 - Level 2.4 Stealth
 + Level 5.0 Shields
 * Level 23.0 Spellcasting
 + Level 14.7 Conjurations
 + Level 6.5 Translocations
 + Level 15.0 Fire Magic
 + Level 9.4 Ice Magic
 + Level 11.4 Air Magic
 + Level 11.6 Earth Magic
 + Level 12.3 Poison Magic


You had 3 spell levels left.
You knew the following spells:

 Your Spells              Type           Power        Failure   Level  Hunger
a - Flame Tongue          Conj/Fire      #####        0%          1    None
b - Throw Flame           Conj/Fire      ######       0%          2    None
c - Conjure Flame         Conj/Fire      #######.     1%          3    None
d - Inner Flame           Hex/Fire       ######..     1%          3    None
e - Ignite Poison         Fire/Tmut/Pois ######..     1%          3    None
f - Sticky Flame          Conj/Fire      #######.     1%          4    None
g - Fireball              Conj/Fire      #######...   1%          5    None
h - Bolt of Magma         Conj/Fire/Erth #######...   1%          5    None
i - Freezing Cloud        Conj/Ice/Air   #######...   1%          6    None
j - Lee's Rapid Deconstr  Erth           ######....   1%          5    None
k - Mephitic Cloud        Conj/Pois/Air  #######.     1%          3    None
l - Olgreb's Toxic Radia  Pois           #######.     1%          4    None
m - Passage of Golubria   Tloc           N/A          3%          4    None
n - Ignition              Fire           #######...   16%         8    #####..


Dungeon Overview and Level Annotations

Branches:
Dungeon (1/1)

Altars:
Cheibriados
Dithmenos
Elyvilon
Fedhas
Gozag
Hepliaklqana
Kikubaaqudgha
Makhleb
Nemelex Xobeh
Okawaru
Qazlal
Ru
Sif Muna
Trog
Uskayaw
Vehumet
Wu Jian
Xom
Yredelemnul
Zin
The Shining One
Beogh
Jiyva
Lugonu

Shops:
D ![::=:!}(}%=?:}[

Annotations:
D exclusion: door, Mennas


Innate Abilities, Weirdness & Mutations

You have sharp fingernails.
You have supernaturally acute eyesight. (SInv)
Your flesh is heat resistant. (rF+)
You are weak. (Str -2)


Message History

You close the door.
Your toxic aura wanes.
Mennas opens the door.
An iron troll simulacrum comes into view.
You open the door. You block Mennas's attack. x2
Mennas hits you with a sacred scourge of holy wrath!
Mennas closely misses you.
There is an open door here.
You block Mennas's attack.
Mennas hits you with a sacred scourge of holy wrath!
Mennas becomes audible again.
You block Mennas's attack.
Mennas hits you with a sacred scourge of holy wrath!
You see here an arrow.
Mennas hits you with a sacred scourge of holy wrath!!
You block Mennas's attack.
Mennas hits you with a sacred scourge of holy wrath!!
* * * LOW HITPOINT WARNING * * *
Mennas barely misses you.
Mennas hits you with a sacred scourge of holy wrath!!
You die...

#§#[P.........'..#######.
#§#.......########.. ..#.
#§#)....###.∩⌠⌠∩.#..#..#.
#§#)).###§#.∩⌠⌠∩.#.#.#.#)
#§#)###§§.#.∩∩∩∩.#.....#)
#§#'#.§§§§#.∩∩∩∩.#....)#.
#§#..§§§§§#......#.#.#.'.
#.#..§§§§§###''###..#..#.
#....§§.@§#.⌠..⌠.#)....##
#########A#...)..#######
#.#.#.#.#§§§.....#
#......(§§.§§....#
#........§.......#
###'##############
##...## # ##.....##
...#'###.......#


You could see Mennas.

Vanquished Creatures
  Rupert (D)
  A deep elf blademaster (D)
  Gastronok (D)
  Dowan (D)
  A nagaraja (D)
  2 deep elf demonologists (D)
  2 deep elf annihilators (D)
  2 dire elephants (D)
  A deep elf death mage (D)
  A mummy priest (D)
  A yaktaur captain (D)
  A fire dragon (D)
  A deep elf high priest (D)
  A naga warrior (D)
  Erica (D)
  An anaconda (shapeshifter) (D)
  5 anacondas (D)
  2 centaur warriors (D)
  4 dancing weapons (D)
  4 death yaks (D)
  4 orc high priests (D)
  Urug (D)
  A deep elf knight (D)
  A shadow wraith (D)
  A skeletal warrior (D)
  2 anaconda zombies (D)
  An unseen horror (D)
  An orange crystal statue (D)
  A glowing orange brain (shapeshifter) (D)
  A lindwurm (D)
  An orc sorcerer (D)
  5 deep elf magi (D)
  3 crystal guardians (D)
  3 ugly things (D)
  6 black mambas (D)
  A guardian serpent (D)
  2 elephants (D)
  4 statues (D)
  Duvessa (D)
  2 spiny frogs (D)
  A komodo dragon (D)
  A komodo dragon (shapeshifter) (D)
  A rime drake (D)
  An anaconda simulacrum (D)
  A queen bee (D)
  4 spriggan defenders (D)
  3 hornets (D)
  2 tyrant leeches (D)
  3 wandering mushrooms (D)
  A slime creature (D)
  8 blink frogs (D)
  3 redbacks (D)
  A shadow (D)
  An iron troll simulacrum (D)
  2 nagas (D)
  A spatial vortex (D)
  5 water moccasins (D)
  A swamp drake (D)
  4 orc warriors (D)
  A necrophage (D)
  2 centaurs (D)
  An earth elemental (D)
  A water elemental (D)
  A scorpion (D)
  32 killer bees (D)
  A jelly (D)
  2 orc wizards (D)
  2 orc priests (D)
  A wizard (D)
  Jessica (D)
  A necromancer (D)
  3 humans (D)
  A kobold demonologist (D)
  2 adders (D)
  An ooze (D)
  9 orcs (D)
  2 rats (D)
  7 plants (D)
191 creatures vanquished.

Vanquished Creatures (others)
  2 draconian scorchers (D)
  A skeletal warrior (D)
  6 hellions (D)
  3 yaktaurs (D)
  5 ball lightnings (D)
  5 ballistomycetes (D)
  3 ballistomycete spores (D)
  A bush (D)
  12 plants (D)
38 creatures vanquished.

Grand Total: 229 creatures vanquished

Notes
Turn   | Place    | Note
-------+----------+-------------------------------------------
     0 | D        | Kidiri the Deep Elf Fire Elementalist began the quest for the Orb.
     0 | D        | Reached XP level 1. HP: 10/10 MP: 6/6
    51 | D        | Killed a yaktaur
    53 | D        | Reached skill level 4 in Spellcasting
    54 | D        | Noticed Jessica
    60 | D        | Killed Jessica
    60 | D        | Reached skill level 1 in Fighting
    60 | D        | Reached skill level 1 in Armour
    60 | D        | Reached skill level 5 in Spellcasting
    60 | D        | Reached XP level 2. HP: 15/16 MP: 0/10
    60 | D        | Reached XP level 3. HP: 19/20 MP: 0/11
    64 | D        | Learned a level 2 spell: Throw Flame
    68 | D        | Learned a level 3 spell: Conjure Flame
    72 | D        | Learned a level 3 spell: Inner Flame
   100 | D        | Killed a hellion
   100 | D        | Killed a hellion
   134 | D        | Killed a hellion
   135 | D        | Killed a hellion
   145 | D        | Killed a hellion
   167 | D        | Killed a white draconian scorcher
   173 | D        | Reached skill level 6 in Spellcasting
   184 | D        | Killed a hellion
   211 | D        | Killed a white draconian scorcher
   270 | D        | Noticed a scorpion
   277 | D        | Killed a scorpion
   277 | D        | Reached skill level 7 in Spellcasting
   277 | D        | Reached skill level 5 in Fire Magic
   277 | D        | Reached XP level 4. HP: 26/26 MP: 5/15
   283 | D        | Learned a level 4 spell: Sticky Flame
   302 | D        | Gained mutation: You have supernaturally acute eyesight. (SInv) [potion of mutation]
   302 | D        | Gained mutation: Your flesh is heat resistant. (rF+) [potion of mutation]
   302 | D        | Gained mutation: You have sharp fingernails. [potion of mutation]
   378 | D        | Noticed a water elemental
   380 | D        | Killed a water elemental
   380 | D        | Reached skill level 5 in Dodging
   380 | D        | Reached skill level 8 in Spellcasting
   380 | D        | Reached XP level 5. HP: 31/31 MP: 11/17
   388 | D        | Learned a level 5 spell: Fireball
   390 | D        | Killed a yaktaur
   420 | D        | Found a radiant altar of Vehumet.
   421 | D        | Found a deep blue altar of Sif Muna.
   421 | D        | Found an ancient bone altar of Kikubaaqudgha.
   429 | D        | Noticed a hellwing
   452 | D        | Became a worshipper of Vehumet
   457 | D        | Learned a level 3 spell: Mephitic Cloud
   508 | D        | Found a glowing silver altar of Zin.
   509 | D        | Found a glowing golden altar of the Shining One.
   509 | D        | Found a white marble altar of Elyvilon.
   509 | D        | Noticed a deep elf mage
   526 | D        | Killed a deep elf mage
   526 | D        | Reached skill level 11 in Spellcasting
   526 | D        | Reached XP level 6. HP: 27/39 MP: 13/22
   526 | D        | Reached XP level 7. HP: 30/44 MP: 13/23
   532 | D        | Learned a level 4 spell: Passage of Golubria
   624 | D        | Found an ornate altar of the Wu Jian Council.
   624 | D        | Found a roughly hewn altar of Beogh.
   624 | D        | Found an iron altar of Okawaru.
   624 | D        | Found a bloodstained altar of Trog.
   624 | D        | Found a hide-covered altar of Uskayaw.
   624 | D        | Noticed a human
   626 | D        | Noticed a human
   631 | D        | Killed a human
   636 | D        | Killed a human
   636 | D        | Reached * piety under Vehumet
   636 | D        | Offered knowledge of Shock by Vehumet.
   636 | D        | Reached skill level 5 in Fighting
   636 | D        | Reached skill level 5 in Armour
   636 | D        | Reached skill level 12 in Spellcasting
   741 | D        | Found a basalt altar of Yredelemnul.
   741 | D        | Found a shadowy altar of Dithmenos.
   741 | D        | Found a sacrificial altar of Ru.
   794 | D        | Noticed a shadow
   795 | D        | Reached ** piety under Vehumet
   795 | D        | Offered knowledge of Sandblast by Vehumet.
   795 | D        | Reached XP level 8. HP: 44/48 MP: 21/26
   831 | D        | Found a blossoming altar of Fedhas.
   831 | D        | Found a stormy altar of Qazlal.
   831 | D        | Found a snail-covered altar of Cheibriados.
   831 | D        | Found a burning altar of Makhleb.
   831 | D        | Found a shimmering altar of Xom.
   832 | D        | Found a hazy altar of Hepliaklqana.
   832 | D        | Found an opulent altar of Gozag.
   832 | D        | Found a sparkling altar of Nemelex Xobeh.
   832 | D        | Found a corrupted altar of Lugonu.
   832 | D        | Found a viscous altar of Jiyva.
   913 | D        | Noticed Erica
   921 | D        | Killed Erica
   921 | D        | Reached skill level 13 in Spellcasting
  1136 | D        | Noticed a centaur warrior
  1142 | D        | Offered knowledge of Ignite Poison by Vehumet.
  1142 | D        | Reached *** piety under Vehumet
  1142 | D        | Reached skill level 14 in Spellcasting
  1142 | D        | Reached XP level 9. HP: 54/54 MP: 17/29
  1142 | D        | Killed a centaur warrior
  1142 | D        | Reached skill level 10 in Dodging
  1147 | D        | Learned a level 3 spell: Ignite Poison
  1218 | D        | Noticed an unseen horror
  1232 | D        | Killed an unseen horror
  1232 | D        | Offered knowledge of Olgreb's Toxic Radiance by Vehumet.
  1232 | D        | Reached skill level 15 in Spellcasting
  1232 | D        | Reached skill level 10 in Fire Magic
  1241 | D        | Learned a level 4 spell: Olgreb's Toxic Radiance
  1385 | D        | Noticed a queen bee
  1387 | D        | Reached **** piety under Vehumet
  1387 | D        | Offered knowledge of Lee's Rapid Deconstruction by Vehumet.
  1387 | D        | Reached skill level 1 in Air Magic
  1387 | D        | Reached skill level 1 in Poison Magic
  1387 | D        | Reached skill level 1 in Short Blades
  1387 | D        | Reached ***** piety under Vehumet
  1389 | D        | Reached ****** piety under Vehumet
  1389 | D        | Reached XP level 10. HP: 63/63 MP: 26/31
  1390 | D        | Reached skill level 10 in Conjurations
  1390 | D        | Reached skill level 16 in Spellcasting
  1416 | D        | Learned a level 5 spell: Lee's Rapid Deconstruction
  1505 | D        | Offered knowledge of Fulminant Prism by Vehumet.
  1567 | D        | Reached skill level 1 in Earth Magic
  1653 | D        | Noticed a spiny frog
  1653 | D        | Noticed a spiny frog
  1657 | D        | HP: 3/64 [spiny frog (19)]
  2030 | D        | Killed a spiny frog
  2033 | D        | Killed a spiny frog
  2293 | D        | Offered knowledge of Yara's Violent Unravelling by Vehumet.
  2385 | D        | Noticed a lindwurm
  2390 | D        | Killed a lindwurm
  2390 | D        | Reached skill level 17 in Spellcasting
  2390 | D        | Reached skill level 5 in Poison Magic
  2400 | D        | Reached skill level 5 in Air Magic
  2736 | D        | Noticed Urug
  2766 | D        | Killed Urug
  2766 | D        | Reached XP level 11. HP: 50/68 MP: 13/34
  3055 | D        | Reached skill level 5 in Short Blades
  3090 | D        | Offered knowledge of Bolt of Draining by Vehumet.
  3204 | D        | Noticed Rupert
  3214 | D        | Killed Rupert
  3214 | D        | Reached skill level 18 in Spellcasting
  3214 | D        | Reached skill level 5 in Earth Magic
  3322 | D        | Noticed a death yak
  3323 | D        | Noticed a death yak
  3327 | D        | Noticed a death yak
  3330 | D        | Noticed a death yak
  3330 | D        | Killed a death yak
  3330 | D        | Killed a death yak
  3331 | D        | Killed a death yak
  3336 | D        | Offered knowledge of Bolt of Magma by Vehumet.
  3355 | D        | Killed a death yak
  3364 | D        | Noticed an azure jelly
  3364 | D        | Noticed an azure jelly
  3502 | D        | Learned a level 5 spell: Bolt of Magma
  3504 | D        | Noticed an anaconda
  3510 | D        | Killed an anaconda
  3510 | D        | Reached XP level 12. HP: 57/76 MP: 22/36
  3599 | D        | Noticed an anaconda
  3606 | D        | Killed an anaconda
  3606 | D        | Reached skill level 19 in Spellcasting
  3695 | D        | Noticed an anaconda
  3734 | D        | Killed an anaconda
  3734 | D        | Offered knowledge of Freezing Cloud by Vehumet.
  3936 | D        | Learned a level 6 spell: Freezing Cloud
  4027 | D        | Noticed an anaconda
  4027 | D        | Noticed an anaconda
  4036 | D        | Killed an anaconda
  4036 | D        | Reached skill level 1 in Ice Magic
  4040 | D        | Killed an anaconda
  4040 | D        | Offered knowledge of Bolt of Fire by Vehumet.
  4379 | D        | Noticed a naga warrior
  4379 | D        | Noticed a nagaraja
  4397 | D        | Killed a naga warrior
  4397 | D        | Killed a nagaraja
  4397 | D        | Reached skill level 20 in Spellcasting
  4453 | D        | Found Ciadghair's Distillery.
  4453 | D        | Found Afrodyel's Antique Armour Emporium.
  4455 | D        | Found Qajiutod's Book Shop.
  4475 | D        | Offered knowledge of Ozocubu's Refrigeration by Vehumet.
  4577 | D        | Got a serpentine rune of Zot
  4736 | D        | Found a roughly hewn altar of Beogh.
  4736 | D        | Noticed an orc high priest
  4742 | D        | Reached skill level 10 in Fighting
  4743 | D        | Killed an orc high priest
  4743 | D        | Offered knowledge of Glaciate by Vehumet.
  4743 | D        | Offered knowledge of Tornado by Vehumet.
  4743 | D        | Offered knowledge of Ignition by Vehumet.
  5031 | D        | Found Medenlie's Book Shop.
  5252 | D        | Noticed a deep elf annihilator
  5253 | D        | Noticed a deep elf demonologist
  5255 | D        | Noticed a deep elf blademaster
  5610 | D        | Noticed a deep elf annihilator
  5613 | D        | Noticed a deep elf demonologist
  5615 | D        | Noticed a deep elf high priest
  5617 | D        | Noticed a deep elf death mage
  5617 | D        | Killed a deep elf demonologist
  5617 | D        | Reached skill level 5 in Ice Magic
  5617 | D        | Reached skill level 10 in Poison Magic
  5617 | D        | Reached XP level 13. HP: 70/82 MP: 23/39
  5619 | D        | Noticed a cacodemon
  5634 | D        | Gained mutation: You are weak. (Str -2) [a cacodemon]
  5866 | D        | Killed a deep elf blademaster
  6106 | D        | Noticed a Brimstone Fiend
  6107 | D        | Killed a deep elf demonologist
  6107 | D        | Reached skill level 21 in Spellcasting
  6604 | D        | Killed a deep elf death mage
  6843 | D        | Killed a deep elf annihilator
  6892 | D        | Killed a deep elf annihilator
  6892 | D        | Reached skill level 10 in Earth Magic
  7076 | D        | Got a polished dagger {pierce}
  7078 | D        | Got a shimmering leather armour
  7092 | D        | Got a scorched bardiche {holy}
  7092 | D        | Got a silken robe
  7104 | D        | Identified Copyrig's Tome of Cankerous Changing
  7107 | D        | Got a pair of smoking boots
  7133 | D        | Identified the +1 leather armour "Bohafuod" {rPois} (You took it off a deep elf high priest in the Dungeon)
  7143 | D        | Identified the +1 robe of Xangoy {rF+ Str+4} (You took it off a deep elf annihilator in the Dungeon)
  7148 | D        | Identified the +2 pair of boots of the Other World {Dex+4} (You found it in the Dungeon)
  7228 | D        | Identified the +8 dagger "Umoekh" {pierce, rC++} (You took it off a deep elf demonologist in the Dungeon)
  7229 | D        | Identified the +1 bardiche of Kismet {holy, +Rage rC+ Stlth+} (You took it off a deep elf annihilator in the Dungeon)
  7453 | D        | Bought a cloak for 85 gold pieces
  7453 | D        | Bought a glowing shield for 142 gold pieces
  7543 | D        | Noticed an azure jelly
  7543 | D        | Noticed an azure jelly
  7544 | D        | Noticed a dire elephant
  7544 | D        | Noticed a dire elephant
  7544 | D        | Noticed Gastronok
  7563 | D        | Killed a dire elephant
  7563 | D        | Reached skill level 1 in Translocations
  7581 | D        | Killed a dire elephant
  7581 | D        | Reached skill level 1 in Shields
  7581 | D        | Reached skill level 10 in Air Magic
  7931 | D        | Killed Gastronok
  8337 | D        | Noticed Dowan
  8337 | D        | Noticed Duvessa
  8344 | D        | Killed Dowan
  8347 | D        | Killed Duvessa
  8462 | D        | Reached skill level 22 in Spellcasting
  8554 | D        | Learned a level 8 spell: Ignition
  8589 | D        | Found Xizeloiw's Gadget Emporium.
  8589 | D        | Found Wepreir's Jewellery Shop.
  8589 | D        | Found Nuicolacw's Antique Armour Shoppe.
  8589 | D        | Found Birien's Antique Weapon Boutique.
  8589 | D        | Found Yxaenga's Food Emporium.
  8589 | D        | Found Vaulluash's Gadget Shop.
  8589 | D        | Found Poczovoll's Book Emporium.
  8589 | D        | Found Ykadgh's Magic Scroll Boutique.
  8590 | D        | Found Deep's Gadget Boutique.
  8590 | D        | Found Loustuic's Distillery.
  8590 | D        | Found Hyxuokev's Book Shop.
  8590 | D        | Found Minamus's Jewellery Emporium.
  8608 | D        | Bought a potion of heal wounds for 70 gold pieces
  8614 | D        | Bought a pair of embroidered gloves for 240 gold pieces
  8614 | D        | Bought an encrusted helmet for 304 gold pieces
  8629 | D        | Identified the +0 helmet of Faczasun {rPois MR+ Regen+} (You bought it in a shop in the Dungeon)
  8632 | D        | Bought a scroll of identify for 28 gold pieces
  8632 | D        | Bought a scroll of fog for 28 gold pieces
  8931 | D        | Reached XP level 14. HP: 46/90 MP: 14/42
  9027 | D        | Reached skill level 5 in Translocations
  9171 | D        | Noticed a reaper
  9492 | D        | Reached skill level 23 in Spellcasting
  9505 | D        | Reached skill level 15 in Fire Magic
  9529 | D        | Noticed Mennas
  9529 | D        | Reached skill level 5 in Shields
  9546 | D        | Mangled by Mennas

Vault maps used:
D:        dungeon_sprint_mu

Skill      XL: |  1  2  3  4  5  6  7  8  9 10 11 12 13 14 |
---------------+-------------------------------------------+-----
Spellcasting   | 5 7 8 11 12 14 15 17 18 20 22 23 | 23.0
Fighting       | 1 2 4 5 6 7 8 9 10 11 | 11.7
Armour         | 1 2 4 5 6 7 8 9 |  9.3
Dodging        | 3 4 5 7 8 9 10 | 10.5
Conjurations   | 2 3 4 6 7 8 9 10 12 13 14 | 14.7
Fire Magic     | 4 5 7 8 9 10 11 12 13 14 15 | 15.0
Air Magic      | 2 5 7 9 10 11 | 11.4
Poison Magic   | 2 5 7 10 11 12 | 12.3
Short Blades   | 1 4 7 9 |  9.7
Earth Magic    | 3 6 9 11 | 11.6
Ice Magic      | 5 8 9 |  9.4
Translocations | 4 6 |  6.5
Shields        | 3 5 |  5.0
Stealth        | |  2.4

Action                   |  1- 3 |  4- 6 |  7- 9 | 10-12 | 13-15 || total
-------------------------+-------+-------+-------+-------+-------++-------
Melee: Dagger            |       |       |     5 |    16 |     4 ||    25
 Cast: Flame Tongue      |    23 |     4 |    40 |    61 |     7 ||   135
       Throw Flame       |     3 |       |     1 |     7 |     3 ||    14
       Conjure Flame     |       |     1 |     3 |     9 |     4 ||    17
       Sticky Flame      |       |     4 |     4 |    22 |     5 ||    35
       Mephitic Cloud    |       |       |     2 |     8 |     1 ||    11
       Fireball          |       |       |     2 |     2 |     1 ||     5
       Inner Flame       |       |       |     1 |     2 |       ||     3
       Ignite Poison     |       |       |     1 |    30 |    29 ||    60
       Olgreb's Toxic Ra |       |       |     1 |    28 |    14 ||    43
       Freezing Cloud    |       |       |       |    15 |    12 ||    27
       Bolt of Magma     |       |       |       |     1 |    54 ||    55
       Lee's Rapid Decon |       |       |       |       |    32 ||    32
       Passage of Golubr |       |       |       |       |     2 ||     2
       Ignition          |       |       |       |       |     1 ||     1
  Use: Potion            |       |     1 |     1 |     2 |     2 ||     6
       Scroll            |       |     4 |       |     2 |     4 ||    10
  Eat: Chunk             |       |       |     2 |       |       ||     2
       Royal jelly       |       |       |       |    10 |     5 ||    15
Armor: Robe              |     1 |       |       |       |    19 ||    20
       Leather armour    |       |       |       |     7 |       ||     7
Dodge: Dodged            |     4 |     7 |    16 |    65 |    50 ||   142
Block: Shield            |       |       |       |       |    15 ||    15
       Reflection        |       |       |       |       |     1 ||     1
